Match 43726306
Unlisted

Match 43726306
End
Kradschützen Motorcycle Team
Selects Italian Combined Arms Battlegroup
Selects Bersaglieri Squad
Bersaglieri Squad
Bersaglieri Squad
Bersaglieri Squad
Selects Bersaglieri Bolster
Construct Light Support Kompanie
Fire Support Elements
Flakvierling Half-track
Pak 38 Mechanized Group
Selects Breda Model 30 Light Machine Guns
Vehicle Survival Package
Construct Panzerarmee Kommand
Emergency Repair Kits
Selects Semovente da 75/18 Assault Gun
Selects Strafing Run
Walking Stuka Rocket Launcher
Selects Pact of Steel
Walking Stuka Rocket Launcher
MG34 Team
Flak 36 Anti-tank Gun Team
Armored Reserves
Panzer IV Assault Group
Flak 36 Anti-tank Gun Team
Strafing Run
MrGlaucus
Discoverer
Menty
lanyangyang
0
0

Comments sign in to comment!

No comments posted yet!